 Dungeon Crawl Stone Soup version 0.22-a0-284-g99d1f74 (webtiles) character file.

120 Amnesiac the Ducker (level 4, 0/23 HPs)
             Began as a Spriggan Fighter on Mar 21, 2018.
             Was an Initiate of Gozag.
             Killed from afar by an orc wizard (10 damage)
             ... with a magic dart
             ... on level 4 of the Dungeon.
             The game lasted 00:04:55 (1524 turns).

Amnesiac the Ducker (Spriggan Fighter)              Turns: 1524, Time: 00:04:55

Health: 0/23       AC:  2    Str: 13    XL:     4   Next: 75%
Magic:  5/5        EV: 26    Int:  9    God:    Gozag
Gold:   62         SH:  0    Dex: 20    Spells: 3/3 levels left

rFire    + . .     SeeInvis +   a - +0 long sword
rCold    + . .     Gourm    .   c - +0 buckler
rNeg     . . .     Faith    .   b - +0 robe
rPois    +         Spirit   .   (helmet restricted)
rElec    +         Reflect  .   (no cloak)
rCorr    +         Harm     .   (gloves unavailable)
MR       .....                  (boots unavailable)
Stlth    ++........             h - amulet of regeneration
HPRegen  0.47/turn              (no ring)
MPRegen  0.09/turn              (no ring)

@: confused, agile, lethally poisoned (0 -> 0), resistant, hasted, very quick
A: very small, unfitting armour, see invisible, herbivore, speed 3, slow
metabolism 2
a: Potion Petition, Call Merchant, Bribe Branch, Renounce Religion


You were on level 4 of the Dungeon.
You worshipped Gozag.
Gozag was noncommittal.
You were not hungry.

You visited 2 branches of the dungeon, and saw 5 of its levels.

You collected 105 gold pieces.
You paid 43 gold pieces to Gozag.

Inventory:

Hand Weapons
 a - a +0 long sword (weapon)
 k - a +4 dagger of speed
Armour
 b - a +0 robe (worn)
 c - a +0 buckler (worn)
Jewellery
 h - an amulet of regeneration (around neck)
Potions
 g - a potion of resistance {!q}
 i - a potion of heal wounds {!q}
Comestibles
 f - 2 rations


   Skills:
 + Level 2.9 Fighting
 * Level 2.9 Long Blades
 + Level 5.3 Dodging
 + Level 2.6 Shields


You had 3 spell levels left.
You didn't know any spells.

Dungeon Overview and Level Annotations

Branches:
Dungeon (4/15)             Temple (1/1) D:4

Altars:
Ashenzari
Cheibriados
Dithmenos
Fedhas
Gozag
Kikubaaqudgha
Makhleb
Nemelex Xobeh
Qazlal
Ru
Trog
Uskayaw
Wu Jian
Xom
Zin
The Shining One

Portals:
Ossuary: D:4

Annotations:
D:4 Amnesiac's ghost, amateur SpFi


Innate Abilities, Weirdness & Mutations

You are very small and have problems with some larger weapons.
You are too small for most types of armour.
You have supernaturally acute eyesight. (SInv)
You are a herbivore.
You cover ground extremely quickly.
You need to consume almost no food.


Message History

* * * LOW HITPOINT WARNING * * *
You see here 7 gold pieces. [a] - 0 gold - haste, resistance and agility [b] - 0 gold - haste, agility and heal wounds [c] - 0 gold - heal wounds Purchase which effect?
You feel yourself speed up.
You feel protected.
You feel agile all of a sudden. The worker ant completely misses you.
The orc wizard completely misses you.
Really quaff
i - 2 potions of heal wounds {!q}?
You feel much better.
Your amulet attunes itself to your body and you begin to regenerate more quickly.
The worker ant barely misses you.
You riposte.
You barely miss the worker ant. The orc wizard misses you.
You slash the orc wizard!
The orc wizard is heavily wounded.
You block the worker ant's attack. The orc wizard completely misses you.
You completely miss the orc wizard.
The orc wizard is heavily wounded.
The worker ant bites you.
You closely miss the orc wizard.
The orc wizard is heavily wounded.
You block the orc wizard's attack. You block the worker ant's attack.
You hit the orc wizard but do no damage.
The orc wizard is heavily wounded.
The worker ant bites you!
You are poisoned.
The worker ant poisons you! The orc wizard misses you.
You closely miss the orc wizard.
The orc wizard is heavily wounded.
You feel sick. The worker ant completely misses you.
The orc wizard points at you and mumbles some strange words.
You are confused.
You bump into the translucent stone wall.
You feel sick. The worker ant completely misses you.
You hit the orc wizard.
The orc wizard is almost dead.
The orc wizard completely misses you. The worker ant barely misses you.
You're too confused to move!
You feel sick. The orc wizard hits you with a dagger.
* * * LOW HITPOINT WARNING * * *
The worker ant closely misses you.
You barely miss the worker ant. The orc wizard completely misses you.
The worker ant misses you.
You bump into the translucent stone wall.
You feel sick.
You bump into the rock wall.
The orc wizard gestures at you while chanting.
The puff of flame misses you.
The puff of flame hits the worker ant.
The worker ant barely misses you.
You bump into the translucent stone wall.
The worker ant misses you. The orc wizard closely misses you.
You bump into the translucent stone wall.
You feel sick. The worker ant completely misses you.
You bump into the translucent stone wall.
The orc wizard points at you and mumbles some strange words.
You are more confused.
You barely miss the orc wizard.
The orc wizard is almost dead.
You feel sick. The worker ant misses you.
The orc wizard points at you and mumbles some strange words.
The magic dart hits you!
You die...
Your body crumbles into a pile of gold.

#................
##.########......
#############.#
#......
#≈≈≈≈≈≈≈≈≈≈≈#.#
#######
#≈≈≈≈≈≈≈≈≈≈≈#.#
#≈≈≈≈≈≈≈≈≈≈≈#a#
#≈≈≈#####≈≈≈#.#
#≈≈≈#..$#####o#
#≈≈≈#.>..Wa@oa#
#≈≈≈#...#######
#≈≈≈#####≈≈≈#
#≈≈≈≈≈≈≈≈≈≈≈#
#≈≈≈≈≈≈≈≈≈≈≈#
#≈≈≈≈≈≈≈≈≈≈≈#
#############


You could see 2 worker ants, an orc wizard, Amnesiac's ghost and an orc.

Vanquished Creatures
  An orc wizard (D:4)
  A worker ant (D:4)
  2 adders (D:3)
  2 oozes (D:2)
  A dart slug (D:3)
  2 leopard geckos
  4 giant cockroaches
  4 goblins
  5 hobgoblins
  2 jackals (D:1)
  A quokka (D:2)
  7 bats
  A frilled lizard (D:1)
  4 kobolds
  4 rats
41 creatures vanquished.

Notes
Turn   | Place    | Note
-------+----------+-------------------------------------------
     0 | D:1      | Amnesiac the Spriggan Fighter began the quest for the Orb.
     0 | D:1      | Reached XP level 1. HP: 11/11 MP: 2/2
   197 | D:1      | Reached XP level 2. HP: 8/16 MP: 3/3
   694 | D:2      | Reached XP level 3. HP: 18/19 MP: 4/4
   965 | D:3      | Reached skill level 5 in Dodging
   970 | D:3      | Reached XP level 4. HP: 5/23 MP: 5/5
  1281 | D:4      | Found a sand-covered staircase.
  1287 | D:4      | Noticed an ogre
  1404 | D:4      | Found a staircase to the Ecumenical Temple.
  1405 | D:4      | Noticed Amnesiac's ghost (amateur SpFi)
  1414 | Temple   | Entered the Ecumenical Temple
  1466 | Temple   | Became a worshipper of Gozag Ym Sagoz the Greedy
  1524 | D:4      | Killed from afar by an orc wizard

Vault maps used:
D:1:      minmay_arrival_radiant_lines, minmay_tromino_v2
D:2:      led_sif_pool, kennysheep_generic_room_4
D:3:      minmay_snake_closets
D:4:      minmay_temple_entry_poolview, nicolae_ossuary_entry_monument,
          fedhas_altar_4, uniq_ijyb
Temple:   kb_temple_of_zot

Skill      XL: |  1  2  3 |
---------------+----------+-----
Long Blades    | 2 |  2.9
Dodging        | 5 |  5.3
Fighting       | |  2.9
Shields        | |  2.6

Action                   |  1- 3 |  4- 6 || total
-------------------------+-------+-------++-------
Melee: Long sword        |    90 |    20 ||   110
Invok: Potion Petition   |       |     1 ||     1
  Use: Potion            |     1 |     4 ||     5
       Scroll            |       |     7 ||     7
Armor: Robe              |     7 |     1 ||     8
Dodge: Dodged            |    68 |    42 ||   110
Block: Buckler           |    38 |    14 ||    52
       Rpst.: Long sword |    29 |     8 ||    37

Table legend:
 A = Spawn XP
 B = Non-spawn XP
 C = Spawn XP percentage of total XP
 D = Spawn monster count
 E = Non-spawn monster count
 F = Spawn count percentage of total count
 G = Total turns spent on level
                    A         B        C        D         E        F      G
               +---------+---------+-------+---------+---------+-------+---------
         Total |       0 |     172 |   0.0 |       0 |      41 |   0.0 |  1524
               +---------+---------+-------+---------+---------+-------+---------
           D:1 |       0 |      19 |   0.0 |       0 |      12 |   0.0 |   467
           D:2 |       0 |      39 |   0.0 |       0 |      17 |   0.0 |   336
           D:3 |       0 |      40 |   0.0 |       0 |       8 |   0.0 |   178
           D:4 |       0 |      74 |   0.0 |       0 |       4 |   0.0 |   463
               +---------+---------+-------+---------+---------+-------+---------
